[Event "10th IM Marmaris Karia 2019"]
[Site "Marmaris"]
[Date "2019.10.19"]
[Round "6.3"]
[White "Guseynov, Alihan"]
[Black "Citak, Selim"]
[Result "1-0"]
[ECO "A13"]
[WhiteElo "2335"]
[BlackElo "2210"]
[Annotator "NA"]
[PlyCount "84"]
[EventDate "2019.10.19"]
[EventType "schev"]
[EventCountry "TUR"]
[SourceTitle "playchess.com"]
[Source "ChessBase"]
[SourceQuality "1"]
[TimeControl "5400+30"]

1. c4 e6 2. Nf3 d5 3. e3 Nf6 4. b3 c5 5. Bb2 Nc6 6. cxd5 exd5 7. Bb5 Be7 8. O-O O-O 9. d4 Bg4 10. dxc5 Bxc5 11. h3 Bh5 12. Nc3 a6 13. Be2 Rc8 14. Rc1 Ba7 15. Nd4 Bxe2 16. Ncxe2 Nxd4 17. Nxd4 Rxc1 18. Qxc1 Qd7 19. Nf3 Rc8 20. Qa1 Ne8 21. Rd1 Qf5 22. Rd2 Bb6 23. Qd1 Rd8 24. Nd4 Qe4 25. Ne2 Nc7 26. Nf4 h6 27. Nh5 d4 28. Ng3 Qd5 29. Bxd4 Nb5 30. Nf5 Qxf5 31. Bxb6 Rxd2 32. Qxd2 Qb1+ 33. Kh2 Na3 34. Bc5 Nc2 35. Qd8+ Kh7 36. Qd3+ Kg8 37. Qe4 f6 38. Qe6+ Kh7 39. Qf5+ Kg8 40. Qc8+ Kh7 41. Qxb7 Ne1 42. Bb4 Nd3 1-0

[Event "10th IM Marmaris Karia 2019"]
[Site "Marmaris"]
[Date "2019.10.19"]
[Round "6.4"]
[White "Semiev, Suhrab"]
[Black "Gunduz, Umut Erdem"]
[Result "0-1"]
[ECO "B14"]
[WhiteElo "2290"]
[BlackElo "2165"]
[Annotator "NA"]
[PlyCount "56"]
[EventDate "2019.10.19"]
[EventType "schev"]
[EventCountry "TUR"]
[SourceTitle "playchess.com"]
[Source "ChessBase"]
[SourceQuality "1"]
[TimeControl "5400+30"]

1. c4 c5 2. Nc3 Nc6 3. e3 Nf6 4. d4 cxd4 5. exd4 d5 6. Nf3 g6 7. c5 Bg7 8. Bb5 O-O 9. O-O Bg4 10. Be2 e6 11. Ne1 Bxe2 12. Nxe2 b6 13. Qa4 Rc8 14. b4 Ne4 15. Nc2 bxc5 16. bxc5 e5 17. Be3 exd4 18. Nexd4 Nxc5 19. Qa3 Ne4 20. Nxc6 Rxc6 21. Nd4 Rc4 22. Rad1 Nc3 23. Rd2 Qc7 24. Kh1 Rb8 25. Nb3 d4 26. Nxd4 Nb1 27. Qd3 Nxd2 28. Qxd2 Bxd4 0-1

[Event "10th IM Marmaris Karia 2019"]
[Site "Marmaris"]
[Date "2019.10.19"]
[Round "8.5"]
[White "Sevdimaliyev, Urfan"]
[Black "Angun, Batu"]
[Result "1/2-1/2"]
[ECO "D03"]
[WhiteElo "2361"]
[BlackElo "2165"]
[Annotator "RC"]
[PlyCount "23"]
[EventDate "2019.10.19"]
[EventType "schev"]
[EventCountry "TUR"]
[SourceTitle "playchess.com"]
[Source "ChessBase"]
[SourceQuality "1"]
[TimeControl "5400+30"]

1. d4 Nf6 2. Nf3 g6 3. Bg5 Bg7 4. Nbd2 d5 5. e3 O-O 6. Bd3 c5 7. c3 Nc6 8. O-O Qc7 9. Bf4 Qd8 10. Bg5 Qc7 11. Bf4 Qd8 12. Bg5 1/2-1/2

[Event "10th IM Marmaris Karia 2019"]
[Site "Marmaris"]
[Date "2019.10.23"]
[Round "10.5"]
[White "Semiev, Suhrab"]
[Black "Angun, Batu"]
[Result "1/2-1/2"]
[ECO "B52"]
[WhiteElo "2290"]
[BlackElo "2165"]
[Annotator "ChessBase"]
[PlyCount "64"]
[EventDate "2019.10.19"]
[EventType "schev"]
[EventCountry "TUR"]
[SourceTitle "playchess.com"]
[Source "ChessBase"]
[SourceQuality "1"]
[TimeControl "5400+30"]

1. e4 c5 2. Nf3 d6 3. Bb5+ Bd7 4. Bxd7+ Nxd7 5. O-O Ngf6 6. Re1 g6 7. c3 Bg7 8. d4 cxd4 9. cxd4 O-O 10. Nc3 Nb6 11. b3 Rc8 12. Bb2 Qd7 13. h3 Rc7 14. e5 Nfd5 15. Ne4 Rfc8 16. Rc1 Rxc1 17. Bxc1 dxe5 18. Nxe5 Qc7 19. Nc5 e6 20. Ba3 Rd8 21. Qf3 Nc8 22. Rc1 Bxe5 23. dxe5 Qxe5 24. Nxb7 Re8 25. Nc5 Nce7 26. Nd3 Qf5 27. Qxf5 Nxf5 28. Ne5 Nd4 29. Kf1 Nb5 30. Bb2 Nd6 31. Ba3 Nb5 32. Bb2 Nd6 1/2-1/2